 Dungeon Crawl Stone Soup version 0.28-a0-1212-gc6b4282bc0 (webtiles) character file.

Game seed: 10847683043584829145

4592 Grim the Spear-Bearer (level 10, -1/93 HPs)
             Began as a Minotaur Berserker on Dec 20, 2021.
             Was a Priest of Trog.
             Slain by a seven-headed hydra (9 damage)
             ... on level 7 of the Dungeon on Dec 21, 2021.
             The game lasted 00:15:44 (7048 turns).

Grim the Spear-Bearer (Minotaur Berserker)          Turns: 7048, Time: 00:15:44

Health: -1/93      AC: 10    Str: 22 (23) XL:     10   Next: 18%
Magic:  9/9        EV: 10    Int:  7 (8)  God:    Trog [***...]
Gold:   452        SH:  0    Dex: 10 (12) Spells: 9/9 levels left

rFire   . . .      SeeInvis .   a - +0 halberd (flame)
rCold   + . .      Faith    .   (shield currently unavailable)
rNeg    . . .      Spirit   .   c - +2 scale mail {rC+}
rPois   +          Reflect  .   (helmet restricted)
rElec   .          Harm     .   (no cloak)
rCorr   .          Rampage  .   x - +0 pair of gloves of Mutualism {Dex+3}
Will    ++...                   (no boots)
Stlth   ..........              (no amulet)
HPRegen 1.25/turn               r - ring of poison resistance
MPRegen 0.11/turn               (no ring)

@: strong-willed, on berserk cooldown, regenerating, slowed, very slow
A: horns 2, retaliatory headbutt
a: Renounce Religion, Berserk, Trog's Hand


You were on level 7 of the Dungeon.
You worshipped Trog.
Trog was most pleased with you.
You visited 1 branch of the dungeon, and saw 7 of its levels.
You also visited: Ossuary.

You collected 647 gold pieces.
You spent 195 gold pieces at shops.

Inventory:

Hand Weapons
 a - a +0 halberd of flaming (weapon)
 b - a +0 shortbow
Missiles
 u - 108 arrows
Armour
 c - a +2 scale mail of cold resistance (worn)
 x - the +0 pair of gloves of Mutualism (worn) {Dex+3}
   (You bought it in a shop on level 6 of the Dungeon)

   Dex:       It affects your dexterity (+3).
 K - +0 acid dragon scales
Jewellery
 i - an amulet of magic regeneration
 r - a ring of poison resistance (left hand)
Wands
 q - a wand of digging (4)
 I - a wand of iceblast (11)
Scrolls
 d - a scroll of fog {unknown}
 e - 2 scrolls of brand weapon {unknown}
 f - a scroll of enchant armour {unknown}
 h - a scroll of amnesia {unknown}
 k - 7 scrolls of identify {unknown}
 l - 4 scrolls of enchant weapon {unknown}
 m - a scroll of summoning {unknown}
 n - a scroll of noise {unknown}
 v - 3 scrolls of teleportation {unknown}
 w - a scroll of acquirement {unknown}
 y - 2 scrolls of magic mapping {unknown}
 F - a scroll of vulnerability {unknown}
 G - a scroll of blinking {unknown}
Potions
 g - 7 potions of curing
 j - 4 potions of degeneration {!q}
 p - 2 potions of magic {unknown}
 s - 4 potions of might
 t - 4 potions of heal wounds {unknown}
 z - a potion of resistance {unknown}
 A - a potion of cancellation {unknown}
 B - a potion of flight {unknown}
 C - a potion of berserk rage {unknown}
 D - a potion of ambrosia {unknown}
 E - 2 potions of mutation {unknown}


   Skills:
 - Level 10.1 Fighting
 - Level 12.6 Polearms
 + Level 7.1 Bows
 + Level 5.0 Armour
 - Level 2.1 Dodging


You had 9 spell levels left.
You didn't know any spells.
Your spell library was empty.

Dungeon Overview and Level Annotations

Branches:
Dungeon (7/15)             Temple (0/1) D:4         Ossuary (visited)

Altars:
Hepliaklqana
Wu Jian

Shops:
D:5 *   D:6 [


Innate Abilities, Weirdness & Mutations

You have a pair of horns on your head.
You reflexively headbutt those who attack you in melee.


Message History

The seven-headed hydra closely misses you.
The seven-headed hydra bites you.
* * * LOW HITPOINT WARNING * * *
The seven-headed hydra bites you but does no damage.
There is a stone staircase leading up, spattered with blood here.
Your skin crawls.
You feel strong-willed. The seven-headed hydra bites you.
* * * LOW HITPOINT WARNING * * *
The seven-headed hydra bites you but does no damage.
The seven-headed hydra bites you!
* * * LOW HITPOINT WARNING * * *
The seven-headed hydra bites you.
* * * LOW HITPOINT WARNING * * *
The seven-headed hydra bites you!
* * * LOW HITPOINT WARNING * * *
The seven-headed hydra bites you.
* * * LOW HITPOINT WARNING * * *
The seven-headed hydra barely misses you.
The seven-headed hydra bites you but does no damage.
The seven-headed hydra bites you!
* * * LOW HITPOINT WARNING * * *
The seven-headed hydra bites you.
* * * LOW HITPOINT WARNING * * *
The seven-headed hydra closely misses you. x2
The seven-headed hydra bites you but does no damage. x2
It was a potion of degeneration.
There was something very wrong with that liquid.
You feel weakened.
You feel dopey.
You feel clumsy.
The seven-headed hydra barely misses you. x2
The seven-headed hydra bites you!
* * * LOW HITPOINT WARNING * * *
The seven-headed hydra closely misses you. x3
The seven-headed hydra barely misses you.
It was a potion of curing.
You feel better. The seven-headed hydra bites you.
* * * LOW HITPOINT WARNING * * *
The seven-headed hydra barely misses you.
The seven-headed hydra closely misses you.
The seven-headed hydra bites you!
You die...

########## #.####...#.......
#........####.####...#.#.....
#...........................#
#####..................###......#
...........>.........#####......#
....................####......)#
###............................
#..........†.....####.......#
#........###@..######.......#
#..........D.#.........÷....#
########.#####..#####..###.......
.........#......# #...)))##....#
...........####...##.####.)...<..
...........####...... ##.......
.....###.....##......# #.####..
...........................## ##.
............................####.


You could see a seven-headed hydra.

Vanquished Creatures
  Pikel (D:5)
  Maggie (D:7)
  Grinder (D:5)
  Sigmund (D:2)
  A wyvern (D:7)
  3 yaks
  Eustachio (D:6)
  A steam dragon (D:6)
  Menkaure (D:7)
  Edmund (D:4)
  3 water moccasins (D:5)
  Duvessa (D:6)
  An orc warrior (D:7)
  2 black bears
  A necrophage (D:7)
  2 centaurs
  3 ogres
  2 lemures (D:5)
  A phantom (D:5)
  2 bullfrogs (D:7)
  2 scorpions
  A wyvern zombie (D:7)
  Dowan (D:6)
  A centaur zombie (D:6)
  3 hounds
  3 orc priests
  3 bullfrog skeletons
  A gnoll shaman (D:7)
  A jelly (D:6)
  An iguana (D:6)
  A centaur skeleton (D:7)
  Natasha (thrice) (D:4)
  4 orc wizards
  8 mummies (Ossuary)
  Robin (D:3)
  4 gnolls (D:7)
  3 adders
  A shadow imp (D:7)
  A white imp (D:6)
  A worm (D:3)
  14 orcs
  10 ball pythons
  7 endoplasms
  3 giant cockroaches
  2 gnoll zombies (Ossuary)
  15 goblins
  13 hobgoblins
  4 kobolds
  2 quokkas (D:1)
  10 bats
  A frilled lizard (D:2)
  3 hobgoblin zombies (Ossuary)
  A kobold zombie (Ossuary)
  2 orc zombies (Ossuary)
  A quokka skeleton (D:4)
  A rat (D:1)
  A rat zombie (D:6)
164 creatures vanquished.

Notes
Turn   | Place    | Note
-------+----------+-------------------------------------------
     0 | D:1      | Grim the Minotaur Berserker began the quest for the Orb.
     0 | D:1      | Reached XP level 1. HP: 19/19 MP: 0/0
    50 | D:1      | Reached skill level 4 in Polearms
   112 | D:1      | Reached XP level 2. HP: 26/26 MP: 1/1
   375 | D:1      | Reached ** piety under Trog
   592 | D:1      | Found a faded altar of an unknown god.
   782 | D:2      | Reached skill level 5 in Polearms
   798 | D:2      | Found a hazy altar of Hepliaklqana.
   808 | D:2      | Reached XP level 3. HP: 31/31 MP: 2/2
  1006 | D:2      | Noticed Sigmund
  1018 | D:2      | Killed Sigmund
  1019 | D:2      | Reached skill level 7 in Polearms
  1019 | D:2      | Reached XP level 4. HP: 39/39 MP: 3/3
  1019 | D:2      | Reached XP level 5. HP: 45/45 MP: 4/4
  1308 | D:3      | Noticed a black bear
  1316 | D:3      | Killed a black bear
  1317 | D:3      | Reached skill level 8 in Polearms
  1317 | D:3      | Reached XP level 6. HP: 51/51 MP: 5/5
  1623 | D:3      | Noticed Robin
  1641 | D:3      | Killed Robin
  1645 | D:3      | Reached skill level 9 in Polearms
  2262 | D:4      | Noticed Edmund
  2281 | D:4      | Killed Edmund
  2481 | D:4      | Reached XP level 7. HP: 57/57 MP: 6/6
  2658 | D:4      | Noticed Natasha
  2663 | D:4      | Killed Natasha
  2725 | D:4      | Noticed Natasha
  2735 | D:4      | Killed Natasha
  2736 | D:4      | Reached skill level 10 in Polearms
  2898 | D:4      | Noticed Natasha
  2905 | D:4      | Killed Natasha
  3018 | D:4      | Found a staircase to the Ecumenical Temple.
  3286 | D:5      | Entered Level 5 of the Dungeon
  3349 | D:5      | Noticed Pikel
  3510 | D:5      | Killed Pikel
  3511 | D:5      | Reached skill level 12 in Polearms
  3511 | D:5      | Reached XP level 8. HP: 64/64 MP: 7/7
  3800 | D:5      | Found Jasocirr's Serpentskin Sales.
  3811 | D:5      | Reached skill level 1 in Bows
  3818 | D:5      | Reached skill level 5 in Fighting
  4065 | D:5      | Noticed Grinder
  4088 | D:5      | Killed Grinder
  4089 | D:5      | Reached XP level 9. HP: 78/78 MP: 8/8
  5000 | D:6      | Noticed Eustachio
  5027 | D:6      | Killed Eustachio
  5147 | D:6      | Found Turet's Armour Emporium.
  5164 | D:6      | Bought the +0 pair of gloves of Mutualism {Dex+3} for 195
                  | gold pieces
  5205 | D:6      | Reached skill level 5 in Bows
  5241 | D:6      | Found a sand-covered staircase.
  5260 | Ossuary  | Entered an ossuary
  5321 | Ossuary  | Reached *** piety under Trog
  5665 | D:6      | Found an ornate altar of the Wu Jian Council.
  5695 | D:6      | Noticed Duvessa
  5702 | D:6      | Noticed Dowan
  5709 | D:6      | Killed Duvessa
  5716 | D:6      | Killed Dowan
  5838 | D:6      | Reached skill level 10 in Fighting
  6478 | D:7      | Noticed Maggie
  6495 | D:7      | Killed Maggie
  6496 | D:7      | Reached XP level 10. HP: 93/93 MP: 9/9
  6783 | D:7      | Noticed Menkaure
  6785 | D:7      | Killed Menkaure
  7028 | D:7      | Noticed a seven-headed hydra
  7030 | D:7      | Reached skill level 5 in Armour
  7047 | D:7      | HP: 3/93 [seven-headed hydra (13)]
  7048 | D:7      | Slain by a seven-headed hydra

Illustrated notes

Levels and vault maps discovered:
D:1:      roderic_octagonal_star, layout_basic,
          shapermc_ecumenical_altar_ellora, corner_web_ring
D:2:      layout_rooms, basic_altar, supply_closet_lemuel, uniq_sigmund
D:3:      layout_loops_ring, uniq_robin
D:4:      layout_basic, minmay_temple_entry_sparse_star, uniq_natasha,
          uniq_edmund
D:5:      layout_basic, guppyfry_shop_venom, uniq_grinder, uniq_pikel
D:6:      layout_loops_ring, mainiacjoe_overflow_24_doors, serial_shops, shop,
          enter_ossuary_3, uniq_eustachio, uniq_duvessa
D:7:      cheibrodos_barr_body, layout_rooms, uniq_maggie, uniq_menkaure

Skill      XL: |  1  2  3  4  5  6  7  8  9 10 |
---------------+-------------------------------+-----
Polearms       | 4 5 7 8 9 12 | 12.6
Fighting       | 6 10 | 10.1
Bows           | 3 6 7 |  7.1
Armour         | 4 5 |  5.0
Dodging        | |  2.1

Action                   |  1- 3 |  4- 6 |  7- 9 | 10-12 || total
-------------------------+-------+-------+-------+-------++-------
Melee: Spear             |   110 |    79 |   388 |       ||   577
       Headbutt          |    11 |    11 |    73 |     3 ||    98
       Halberd           |       |       |       |    17 ||    17
 Fire: Shortbow          |       |       |    11 |       ||    11
Invok: Berserk           |     1 |     3 |    11 |     2 ||    17
       Trog's Hand       |       |     1 |     6 |     2 ||     9
  Use: Potion            |       |       |       |     2 ||     2
Armor: Scale mail        |    30 |    11 |    72 |     8 ||   121
Dodge: Dodged            |    40 |    16 |    93 |    17 ||   166

Table legend: (Time is in decaauts)
 A = Elapsed time spent in this place.
 B = Non-inter-level travel time spent in this place.
 C = Inter-level travel time spent in this place.
 D = Time resting spent in this place.
 E = Time spent auto-exploring this place.
 F = Levels seen in this place.
 G = Mean time per level.
                   A        B        C        D        E       F      G
               +--------+--------+--------+--------+--------+-----+--------+
         Total |   6970 |   6729 |    241 |   2118 |   3593 |   8 |  871.2 |
       Dungeon |   6659 |   6418 |    241 |   2001 |   3488 |   7 |  951.3 |
       Ossuary |    311 |    311 |      0 |    117 |    105 |   1 |  311.0 |
               +--------+--------+--------+--------+--------+-----+--------+

Top non-repeatable levels by time:
     D:4: 1502 daAuts
     D:3: 1104 daAuts
     D:5: 1097 daAuts
     D:6: 1096 daAuts
     D:1: 771 daAuts
     D:7: 661 daAuts
     D:2: 425 daAuts
 Ossuary: 311 daAuts
